 Dungeon Crawl Stone Soup version 0.22-a0-845-g8bfc27d406 (webtiles) character file.

29158 ZeKoppf the Covert (level 13, -1/88 HPs)
             Began as a Halfling Assassin on July 25, 2018.
             Was an Elder of Dithmenos.
             Slain by an orc warrior
             ... wielding a +0 trident
              (15 damage)
             ... while paralysed by an orc sorcerer
             ... on level 2 of the Orcish Mines on July 26, 2018.
             The game lasted 02:12:52 (21162 turns).

ZeKoppf the Covert (Halfling Assassin)             Turns: 21162, Time: 02:12:53

Health: -1/88      AC:  7    Str: 12    XL:     13   Next: 78%
Magic:  16/16      EV:  3    Int:  9    God:    Dithmenos [****..]
Gold:   1993       SH:  0    Dex: 21    Spells: 12/12 levels left

rFire    + . .     SeeInvis .   a - +12 dagger of Outrage {speed, rC+}
rCold    + + .     Gourm    .   U - +0 buckler
rNeg     + . .     Faith    .   V - +0 troll leather armour
rPois    .         Spirit   .   c - +0 helmet
rElec    .         Reflect  .   d - +0 cloak
rCorr    +         Harm     .   (no gloves)
MR       .....                  s - +0 pair of boots (curse)
Stlth    +++++++++.             x - amulet of regeneration
HPRegen  1.04/turn              W - ring "Woitipn" {rF+ rC+ rN+}
MPRegen  0.15/turn              P - ring of resist corrosion

@: paralysed, wreathed by umbra
A: small, mutation resistance 1
a: Shadow Step, Renounce Religion


You were on level 2 of the Orcish Mines.
You worshipped Dithmenos.
Dithmenos was greatly pleased with you.
You were not hungry.

You visited 4 branches of the dungeon, and saw 17 of its levels.
You also visited: Bailey.

You collected 2035 gold pieces.
You spent 42 gold pieces at shops.

Inventory:

Hand Weapons
 a - the +12 dagger of Outrage (weapon) {speed, rC+}
   (You found it on level 5 of the Dungeon)

   Attacks with this weapon are significantly faster.
   It protects you from cold.
 b - the +1 hunting sling of Dishonour {velocity, rElec}
   (You took it off an orc on level 4 of the Dungeon)

   Any stone fired from it inflicts extra damage.
   It insulates you from electricity.
 F - a +0 blowgun
 H - a +1 short sword of speed
 X - a +6 rapier of venom
Missiles
 e - 50 poisoned needles
 I - 296 stones (quivered)
 J - 55 sling bullets
Armour
 c - a +0 helmet (worn)
 d - a +0 cloak (worn)
 s - a cursed +0 pair of boots (worn)
 u - a +2 ring mail of magic resistance
 v - the +1 chain mail of the Untouchables {rCorr Str+2}
   (You found it on level 11 of the Dungeon)

   It affects your strength (+2).
   It provides partial protection from all sources of acid and corrosion.
 U - a +0 buckler (worn)
 V - a +0 troll leather armour (worn)
Jewellery
 r - an uncursed amulet of guardian spirit
 x - an amulet of regeneration (around neck)
 P - a ring of resist corrosion (right hand)
 S - an uncursed ring of flight
 W - the ring "Woitipn" (left hand) {rF+ rC+ rN+}
   (You found it in a bailey)

   [ring of positive energy]

   It protects you from fire.
   It protects you from cold.
   It protects you from negative energy.
Wands
 f - a wand of paralysis (4)
 o - a wand of polymorph (19)
 E - a wand of iceblast (15)
Scrolls
 h - 2 scrolls of identify
 i - a scroll of noise
 l - 6 scrolls of teleportation
 n - a scroll of enchant weapon {unknown}
 t - 2 scrolls of amnesia {unknown}
 w - 9 scrolls of remove curse
 y - a scroll of fear {unknown}
 B - 3 scrolls of fog
 N - a scroll of immolation {unknown}
 O - a scroll of torment {unknown}
 R - a scroll of summoning {unknown}
Potions
 j - 11 potions of curing
 k - 3 potions of lignification
 m - a potion of heal wounds
 p - 3 potions of brilliance
 z - 2 potions of berserk rage
 A - a potion of magic
 C - 4 potions of resistance
 D - a potion of cancellation
 G - a potion of agility
 K - a potion of might
 L - a potion of haste
 M - a potion of flight
 T - a potion of ambrosia
Comestibles
 g - 23 rations
 q - 6 chunks of flesh


   Skills:
 + Level 8.1 Fighting
 + Level 11.2 Short Blades
 - Level 11.8(12.0) Slings
 - Level 2.0(5.7) Throwing
 + Level 10.2 Dodging
 + Level 14.6 Stealth
 - Level 5.6 Shields
 - Level 4.0 Invocations


You had 12 spell levels left.
You didn't know any spells.
Your spell library contained the following spells:

 Spells                   Type           Power        Failure   Level  Hunger
 Magic Dart               Conj           #...         45%         1    ##.....
 Conjure Flame            Conj/Fire      #.......     83%         3    ####...
 Confuse                  Hex            #.......     83%         3    ####...
 Freezing Cloud           Conj/Ice/Air   #.........   100%        6    #######
 Mephitic Cloud           Conj/Pois/Air  #.......     83%         3    ####...
 Ring of Flames           Chrm/Fire      #.........   100%        7    #######
 Venom Bolt               Conj/Pois      #.........   100%        5    ######.
 Olgreb's Toxic Radiance  Pois           #.......     99%         4    #####..
 Iskenderun's Mystic Bla  Conj           #.......     99%         4    #####..
 Pain                     Necr           #...         45%         1    ##.....
 Vampiric Draining        Necr           #.........   83%         3    ####...
 Sting                    Conj/Pois      #...         45%         1    ##.....
 Sublimation of Blood     Necr           #.........   61%         2    ###....
 Corpse Rot               Necr           N/A          61%         2    ###....
 Stone Arrow              Conj/Erth      #.....       83%         3    ####...
 Confusing Touch          Hex            #.....       45%         1    ##.....
 Passwall                 Tmut/Erth      #.......     61%         2    ###....
 Metabolic Englaciation   Hex/Ice        #.........   100%        5    ######.
 Lee's Rapid Deconstruct  Erth           #.........   100%        5    ######.
 Sandblast                Erth           #.....       45%         1    ##.....
 Simulacrum               Ice/Necr       #.........   100%        6    #######
 Excruciating Wounds      Chrm/Necr      #.........   100%        5    ######.
 Petrify                  Tmut/Erth      #.......     99%         4    #####..
 Fulminant Prism          Conj/Hex       #.........   99%         4    #####..
 Dazzling Spray           Conj/Hex       #.....       83%         3    ####...
 Force Lance              Conj/Tloc      #.......     99%         4    #####..
 Searing Ray              Conj           #.....       61%         2    ###....
 Gell's Gravitas          Tloc           #.........   83%         3    ####...
 Yara's Violent Unravell  Hex/Tmut       #.........   100%        5    ######.
 Poisonous Vapours        Pois/Air       #.....       61%         2    ###....


Dungeon Overview and Level Annotations

Branches:
Dungeon (13/15)            Temple (1/1) D:7            Lair (1/6) D:8
    Orc (2/2) D:10            Elf (0/3) Orc:2
 Vaults: D:13-14

Altars:
Ashenzari
Cheibriados
Dithmenos
Elyvilon
Fedhas
Gozag
Hepliaklqana
Kikubaaqudgha
Makhleb
Nemelex Xobeh
Okawaru
Qazlal
Ru
Sif Muna
Trog
Uskayaw
Vehumet
Wu Jian
Xom
Yredelemnul
Zin
The Shining One
Beogh

Shops:
D:4 (*   D:6 }[

Annotations:
D:11 exclusion: cyclops
D:12 exclusion: manticore
Orc:2 Urug


Innate Abilities, Weirdness & Mutations

You are small and have problems with some larger weapons.
You are somewhat resistant to further mutation.


Message History

The orc warrior hits you from afar with a trident!
The orc warrior completely misses you.
The neqoxec gestures.
The orc sorcerer hits you but does no damage.
The orc warrior hits you from afar with a trident!
The orc priest calls down the wrath of Beogh upon you.
Beogh smites you!
* * * LOW HITPOINT WARNING * * *
The orc warrior hits you with a mace.
* * * LOW HITPOINT WARNING * * *
The orc sorcerer hits you with a dagger.
* * * LOW HITPOINT WARNING * * *
The orc warrior barely misses you.
The orc sorcerer hits you with a dagger.
* * * LOW HITPOINT WARNING * * *
The orc warrior hits you with a mace.
* * * LOW HITPOINT WARNING * * *
The orc priest hits you but does no damage.
The orc warrior hits you from afar with a trident!
You die...

,,,,,,,,,,.....$.................
,,,,,,,,,,................#.###..
,*,,,,,,*,,..........#.#.#### ##.
*,,,,,*,,***#.............# ##
*8,,,8****,∩##.......#...## *
*,,..,***,,,#.........#.##
*,....##,,,##..#..)#.####
*,....#.,,##...#.)####
,,......,*#...oo@)#####
,,....o.#####..oo)..#.##
,,.....o..8..oo......<.#
,,.......5.5oo..###.#.##
,,._......3...### #####
,,........(..## ,,........8..#
,,......###### ,,......,**


You could see Urug, a neqoxec, 2 orc sorcerers, 2 orc warriors, an iron imp, an
orc priest, an orc wizard, a quasit and an orc.

Vanquished Creatures
  2 orc warlords (Orc:1)
  Erica (D:9)
  A centaur warrior (D:12)
  5 two-headed ogres
  An orc high priest (Orc:2)
  2 unseen horrors (D:12)
  3 orc knights
  An orc sorcerer (Orc:1)
  A deep elf mage (D:12)
  2 cyclopes
  Joseph (D:9)
  A gargoyle (D:10)
  A rime drake (Lair:1)
  A yaktaur (D:12)
  8 trolls
  A komodo dragon (D:8)
  Grinder (D:3)
  Prince Ribbit (D:6)
  A slime creature (D:12)
  6 hippogriffs
  A meliai zombie (D:12)
  Sigmund (D:3)
  A human (D:6)
  10 yaks
  2 wyverns
  3 hogs
  2 basilisks (Lair:1)
  2 hungry ghosts
  2 steam dragons (D:10)
  4 wargs
  A water moccasin (D:6)
  28 orc warriors
  3 porcupines (Lair:1)
  A black bear (D:6)
  2 sky beasts
  Purgy (D:4)
  3 ice beasts
  A phantom (D:11)
  8 ogres
  A necrophage (D:8)
  3 centaurs
  A big kobold (D:7)
  4 crocodiles
  10 bullfrogs
  8 gnoll sergeants (Bailey)
  6 scorpions
  6 killer bees
  3 wights (D:10)
  3 electric eels (D:10)
  6 crimson imps
  11 hounds
  6 gnoll shamans (Bailey)
  2 jellies
  5 bullfrog skeletons
  14 orc priests
  Jessica (D:3)
  Natasha (D:2)
  Terence (D:2)
  5 iguanas
  19 orc wizards
  6 worker ants
  A hound skeleton (D:7)
  A worker ant zombie (D:10)
  22 gnolls
  13 adders
  A shadow imp (D:11)
  2 oozes
  2 adder skeletons
  An adder zombie (D:8)
  2 worms
  2 dart slugs
  4 leopard geckos
  92 orcs
  A ball python (D:1)
  7 giant cockroaches
  7 goblins
  8 hobgoblins
  2 jackals (D:4)
  5 quokkas
  5 bats
  13 frilled lizards
  12 kobolds
  A quokka skeleton (D:5)
  6 rats
449 creatures vanquished.

Vanquished Creatures (others)
  7 plants
7 creatures vanquished.

Grand Total: 456 creatures vanquished

Notes
Turn   | Place    | Note
-------+----------+-------------------------------------------
     0 | D:1      | ZeKoppf the Halfling Assassin began the quest for the Orb.
     0 | D:1      | Reached XP level 1. HP: 14/14 MP: 1/1
   202 | D:1      | Reached XP level 2. HP: 19/19 MP: 2/2
   471 | D:1      | Reached XP level 3. HP: 18/24 MP: 3/3
  1253 | D:2      | Noticed Natasha
  1594 | D:2      | Reached XP level 4. HP: 29/29 MP: 4/4
  1809 | D:2      | Killed Natasha
  2038 | D:2      | Noticed Terence
  2050 | D:2      | Killed Terence
  2050 | D:2      | Reached skill level 5 in Short Blades
  2050 | D:2      | Reached XP level 5. HP: 30/34 MP: 5/5
  2061 | D:2      | Found a runed door.
  2475 | D:3      | Noticed Grinder
  2476 | D:3      | Killed Grinder
  2476 | D:3      | Reached XP level 6. HP: 39/39 MP: 6/6
  2981 | D:3      | Noticed Sigmund
  3502 | D:4      | Reached XP level 7. HP: 35/44 MP: 5/7
  4019 | D:4      | Got a translucent hunting sling
  4730 | D:4      | Noticed Purgy
  4771 | D:4      | Found Weif's Antique Weapon Shoppe.
  5194 | D:4      | Found Soomur's General Store.
  5201 | D:4      | Bought a potion of curing for 42 gold pieces
  5612 | D:5      | Entered Level 5 of the Dungeon
  5762 | D:5      | Identified the cursed +1 hunting sling of Dishonour {velocity, rElec} (You took it off an orc on level 4 of the Dungeon)
  5956 | D:5      | Found a glowing silver altar of Zin.
  5956 | D:5      | Found a stormy altar of Qazlal.
  5961 | D:5      | Found a blossoming altar of Fedhas.
  5963 | D:5      | Found a shadowy altar of Dithmenos.
  5964 | D:5      | Found an opulent altar of Gozag.
  5968 | D:5      | Became a worshipper of Dithmenos the Shadowed
  6247 | D:5      | Reached XP level 8. HP: 36/49 MP: 8/8
  6352 | D:5      | Noticed a wyvern
  6406 | D:4      | Killed Purgy
  6406 | D:4      | Reached skill level 5 in Stealth
  6893 | D:5      | Found a bloodstained altar of Trog.
  7368 | D:5      | Got a faintly glowing dagger
  7369 | D:5      | Identified the +12 dagger of Outrage {speed, rC+} (You found it on level 5 of the Dungeon)
  7623 | D:4      | Reached skill level 10 in Short Blades
  7623 | D:4      | Reached skill level 1 in Slings
  7714 | D:6      | Reached skill level 6 in Stealth
  7777 | D:6      | Reached * piety under Dithmenos
  7837 | D:6      | Reached skill level 5 in Slings
  7837 | D:6      | Reached XP level 9. HP: 54/54 MP: 9/9
  7863 | D:6      | Found an ancient bone altar of Kikubaaqudgha.
  7935 | D:6      | Reached skill level 7 in Stealth
  7994 | D:6      | Found Hidwov's Armour Shop.
  8200 | D:6      | Found Tuh Wuf's Gadget Shoppe.
  8212 | D:6      | Upgraded the game from 0.22-a0-833-g8522bf8125 to 0.22-a0-845-g8bfc27d406
  8305 | D:6      | Reached skill level 8 in Stealth
  8441 | D:7      | Noticed a hippogriff
  8662 | D:3      | Killed Sigmund
  8679 | D:3      | Noticed Jessica
  8685 | D:3      | Killed Jessica
  9239 | D:6      | Killed a hippogriff
  9239 | D:6      | Reached skill level 9 in Stealth
  9239 | D:6      | Reached XP level 10. HP: 49/60 MP: 10/10
  9302 | D:7      | Noticed Prince Ribbit
  9350 | D:7      | Reached ** piety under Dithmenos
  9518 | D:6      | Reached skill level 10 in Slings
  9781 | D:6      | Reached skill level 10 in Stealth
  9816 | D:6      | Killed Prince Ribbit
 10008 | D:7      | Found a staircase to the Ecumenical Temple.
 10165 | D:7      | Found a hazy altar of Hepliaklqana.
 10663 | Temple   | Entered the Ecumenical Temple
 11001 | D:8      | Found a staircase to the Lair.
 11002 | D:8      | Noticed a komodo dragon
 11045 | D:8      | Noticed a two-headed ogre
 11087 | D:8      | Reached skill level 11 in Stealth
 11143 | D:8      | Found an opulent altar of Gozag.
 11447 | D:8      | Found a hazy altar of Hepliaklqana.
 11820 | D:9      | Got a glittering ivory ring
 11825 | D:9      | Identified the ring of Reimbursement {*Tele *Drain rC+ rN+} (You found it on level 9 of the Dungeon)
 12009 | D:9      | Reached *** piety under Dithmenos
 12050 | D:9      | Noticed Joseph
 12112 | D:9      | Noticed Erica
 12237 | D:9      | Reached XP level 11. HP: 37/65 MP: 11/11
 12742 | D:10     | Entered Level 10 of the Dungeon
 12784 | D:10     | Reached skill level 5 in Dodging
 12879 | D:10     | Noticed a two-headed ogre
 12934 | D:10     | Noticed a two-headed ogre
 13236 | D:9      | Reached skill level 12 in Stealth
 13543 | D:11     | Got a shimmering chain mail
 13544 | D:11     | Identified the +1 chain mail of the Untouchables {rCorr Str+2} (You found it on level 11 of the Dungeon)
 13610 | D:11     | Got a crude quarterstaff
 13611 | D:11     | Identified the +10 quarterstaff "Grim Tooth" {venom, rPois rC+ MR- Dex+2} (You found it on level 11 of the Dungeon)
 13754 | D:10     | Killed a two-headed ogre
 14006 | D:7      | Got a transparent quarterstaff
 14007 | D:7      | Identified the cursed +3 quarterstaff of Zexeps Xeuv {flame, Int+5} (You found it on level 7 of the Dungeon)
 14236 | D:11     | Noticed a cyclops
 14312 | D:11     | Reached skill level 1 in Shields
 14587 | D:12     | Noticed a manticore
 14726 | D:12     | Killed an unseen horror
 15060 | D:12     | Noticed a deep elf mage
 15062 | D:12     | Noticed a two-headed ogre
 15063 | D:12     | Killed a deep elf mage
 15063 | D:12     | Reached skill level 5 in Fighting
 15148 | D:12     | Killed a two-headed ogre
 15148 | D:12     | Reached XP level 12. HP: 76/76 MP: 12/12
 15344 | D:12     | Reached skill level 5 in Shields
 15600 | D:12     | Killed an unseen horror
 15619 | D:12     | Reached skill level 13 in Stealth
 15694 | D:12     | Noticed a centaur warrior
 15697 | D:12     | Killed a centaur warrior
 15703 | D:12     | Noticed an ettin
 15703 | D:12     | Noticed an ettin
 15703 | D:12     | Noticed a frost giant
 15845 | D:12     | Reached **** piety under Dithmenos
 16330 | Lair:1   | Entered Level 1 of the Lair of Beasts
 16542 | D:8      | Killed a two-headed ogre
 16825 | D:9      | Killed Erica
 17056 | D:9      | Killed Joseph
 17205 | D:10     | Noticed a two-headed ogre
 17235 | D:10     | Killed a two-headed ogre
 17617 | D:10     | Found a staircase to the Orcish Mines.
 17743 | D:10     | Killed a two-headed ogre
 17743 | D:10     | Reached skill level 1 in Invocations
 17743 | D:10     | Reached XP level 13. HP: 59/86 MP: 12/14
 18805 | Lair:1   | Noticed a seven-headed hydra
 18983 | D:13     | Noticed a centaur warrior
 18984 | D:13     | Noticed a centaur warrior
 19161 | Orc:1    | Entered Level 1 of the Orcish Mines
 19170 | Orc:1    | Reached skill level 14 in Stealth
 19175 | Orc:1    | Noticed an orc warlord
 19353 | Orc:1    | Killed an orc warlord
 19421 | Orc:1    | Found a flagged portal.
 19430 | Bailey   | Entered a bailey
 19894 | Bailey   | Identified Kikubaaqudgha's Catalogue of Unholy Rituals
 19897 | Bailey   | Got a glittering lead ring
 20059 | Bailey   | Identified the ring "Woitipn" {rF+ rC+ rN+} (You found it in a bailey)
 20210 | Orc:1    | Paralysed by an orc sorcerer for 7 turns
 20711 | Orc:1    | You fall through a shaft!
 20711 | Orc:2    | Entered Level 2 of the Orcish Mines
 20778 | Orc:2    | Noticed an orc warlord
 20792 | Orc:1    | Reached skill level 10 in Dodging
 20880 | Orc:1    | Killed an orc warlord
 21143 | Orc:2    | Found a roughly hewn altar of Beogh.
 21144 | Orc:2    | Noticed Urug
 21156 | Orc:2    | Paralysed by an orc sorcerer for 6 turns
 21162 | Orc:2    | Slain by an orc warrior

Vault maps used:
D:1:      ncdulo_lavacross, minmay_lizard_pond
D:2:      uniq_natasha, uniq_crazy_yiuf_cottage, uniq_terence
D:3:      glass_columns_a, uniq_jessica, uniq_sigmund, uniq_grinder
D:4:      serial_shops, shop, shop_coins, minmay_checkerbox, uniq_purgy
D:5:      chequers_temple_overflow_minitemple, bloody_trog, first_ration
D:6:      lemuel_crystal_altar, serial_shops,
          nicolae_shop_temple_entry_statues_fountains, kennysheep_little_box
D:7:      old_standard_altar, minmay_temple_entry_mist, grunt_livestock,
          st_stairs_13, uniq_prince_ribbit1
D:8:      david_lair_shrubbed, basic_altar, grunt_gozag_statues
D:9:      minmay_variable_closet, uniq_erica, uniq_joseph
D:10:     david_orc_4
D:11:     st_stairs_8
D:12:     minmay_sliced_demisemicircle, kennysheep_generic_room_13
D:13:     minmay_blocky_corners, david_vaults_2
Temple:   dpeg_chambers_temple
Orc:1:    nicolae_orc_accident_3, enter_bailey_2
Orc:2:    grunt_orc_cross, serial_shops, bzr_entry_water
Bailey:   bailey_polearm_gnolls_kennysheep, bailey

Skill      XL: |  1  2  3  4  5  6  7  8  9 10 11 12 13 |
---------------+----------------------------------------+-----
Short Blades   | 3 4 5 6 7 9 10 11 | 11.2
Dodging        | 2 3 4 7 9 10 | 10.2
Stealth        | 6 9 11 12 13 14 | 14.6
Slings         | 5 9 11 | 11.8
Fighting       | 2 5 7 8 |  8.1
Shields        | 4 5 |  5.6
Invocations    | 1 4 |  4.0
Throwing       | |  2.0

Action                   |  1- 3 |  4- 6 |  7- 9 | 10-12 | 13-15 || total
-------------------------+-------+-------+-------+-------+-------++-------
Melee: Dagger            |   107 |    85 |   386 |   636 |   658 ||  1872
 Fire: Blowgun           |     4 |    19 |    24 |       |       ||    47
       Hunting sling     |       |       |   109 |   268 |     1 ||   378
Throw: Stone             |       |       |       |       |     8 ||     8
Invok: Shadow Step       |       |       |       |     2 |     2 ||     4
  Use: Scroll            |       |       |     6 |    14 |     8 ||    28
       Potion            |       |       |       |     6 |     5 ||    11
 Stab: Sleeping          |     6 |     6 |    12 |    33 |    10 ||    67
       Distracted        |       |     1 |       |     3 |     2 ||     6
  Eat: Chunk             |     1 |     4 |    14 |    13 |     8 ||    40
       Ration            |     1 |       |     1 |     4 |     1 ||     7
Armor: Robe              |    16 |     1 |    25 |    14 |       ||    56
       Troll leather arm |       |       |       |     1 |    18 ||    19
Dodge: Dodged            |    51 |    36 |   200 |   251 |   207 ||   745
Block: Buckler           |       |       |       |    53 |   103 ||   156

Table legend:
 A = Spawn XP
 B = Non-spawn XP
 C = Spawn XP percentage of total XP
 D = Spawn monster count
 E = Non-spawn monster count
 F = Spawn count percentage of total count
 G = Total turns spent on level
                    A         B        C        D         E        F      G
               +---------+---------+-------+---------+---------+-------+---------
         Total |       0 |   41655 |   0.0 |       0 |     449 |   0.0 | 21162
               +---------+---------+-------+---------+---------+-------+---------
           D:1 |       0 |      54 |   0.0 |       0 |      32 |   0.0 |  1316
           D:2 |       0 |     102 |   0.0 |       0 |      13 |   0.0 |  1159
           D:3 |       0 |     668 |   0.0 |       0 |      18 |   0.0 |  1369
           D:4 |       0 |     578 |   0.0 |       0 |      33 |   0.0 |  2385
           D:5 |       0 |     608 |   0.0 |       0 |      24 |   0.0 |  2020
           D:6 |       0 |    2882 |   0.0 |       0 |      36 |   0.0 |  1412
           D:7 |       0 |    1776 |   0.0 |       0 |      40 |   0.0 |  1385
           D:8 |       0 |    2101 |   0.0 |       0 |      20 |   0.0 |  1314
           D:9 |       0 |    3012 |   0.0 |       0 |      12 |   0.0 |  1814
          D:10 |       0 |    5532 |   0.0 |       0 |      45 |   0.0 |  1631
          D:11 |       0 |    2328 |   0.0 |       0 |      23 |   0.0 |   869
          D:12 |       0 |    7113 |   0.0 |       0 |      30 |   0.0 |  1466
        Lair:1 |       0 |    1879 |   0.0 |       0 |      11 |   0.0 |   820
         Orc:1 |       0 |    9584 |   0.0 |       0 |      63 |   0.0 |  1082
         Orc:2 |       0 |    2221 |   0.0 |       0 |      19 |   0.0 |   190
        Bailey |       0 |    1217 |   0.0 |       0 |      30 |   0.0 |   674
               +---------+---------+-------+---------+---------+-------+---------
